 Dungeon Crawl Stone Soup version 0.16.1-51-g6203257 (webtiles) character file.

39537 uhvn the Slicer (level 14, 0/75 HPs)
             Began as a Vine Stalker Monk on July 14, 2015.
             Was the Champion of Nemelex Xobeh.
             Slain by a polar bear (8 damage)
             ... on level 7 of the Lair of Beasts.
             The game lasted 02:42:56 (18582 turns).

uhvn the Slicer (Vine Stalker Monk)                Turns: 18582, Time: 02:42:57

Health: 0/75       AC: 13    Str: 15    XL:     14   Next: 7%
Magic:  0/30       EV: 20    Int: 10    God:    Nemelex Xobeh [******]
Gold:   901        SH:  0    Dex: 20    Spells: 3 memorised, 21 levels left

rFire  . . .     SeeInvis .     Y - +3 short sword (venom)
rCold  + . .     Clarity  +     L - +2 robe
rNeg   . . .     SustAb   .     (no shield)
rPois  +         Gourm    .     W - +1 helmet
rElec  .         Spirit   +     Z - +0 cloak of Sloth {+Fly rCorr}
rCorr  +         Warding  .     f - +0 pair of gloves
rMut   .         Stasis   .     s - +0 pair of boots
MR     +....                    (no amulet)
Stlth  +++.......               z - ring of wizardry
                                n - ring of poison resistance

@: somewhat resistant to hostile enchantments, fairly stealthy
A: fangs 3, rough black scales 1, clarity, cold resistance 1, regeneration 3,
magic shield, antimagic bite, no device heal 3, rot immunity
a: Triple Draw, Deal Four, Stack Five, Renounce Religion, Evoke Flight


You were on level 7 of the Lair of Beasts.
You worshipped Nemelex Xobeh.
Nemelex Xobeh was exalted by your worship.
You were not hungry.

You visited 3 branches of the dungeon, and saw 18 of its levels.

You collected 1117 gold pieces.
You spent 216 gold pieces at shops.

Inventory:

Hand weapons
 g - a +3 dagger of protection
 D - a +0 blowgun
 Y - a +3 short sword of venom (weapon)
Missiles
 x - 65 poisoned needles
Armour
 a - a +0 robe of magic resistance
 f - a +0 pair of gloves (worn)
 s - a +0 pair of boots (worn)
 L - a +2 robe (worn)
 W - a +1 helmet (worn)
 Z - the +0 cloak of Sloth (worn) {+Fly rCorr}
   (You found it on level 1 of the Lair of Beasts)

   It lets you fly.
   It protects you from acid and corrosion.
Jewellery
 j - the amulet of the Leaf {rElec rC+ rN+ Regen+ Slay-4}
   (You found it on level 3 of the Lair of Beasts)

   [amulet of regeneration]

   It affects your accuracy and damage with ranged weapons and melee attacks
   (-4).
   It protects you from cold.
   It insulates you from electricity.
   It protects you from negative energy.
   It increases your rate of regeneration.
 n - a ring of poison resistance (left hand)
 z - a ring of wizardry (right hand)
 C - an uncursed ring of ice
 U - an uncursed ring of sustain abilities
Magical devices
 v - a wand of slowing (19)
 w - a wand of paralysis (10)
 H - a wand of digging (5)
 J - a wand of fire (5)
 K - a wand of fireball (3)
 R - a wand of cold (9)
 T - a wand of slowing (21)
Scrolls
 c - 14 scrolls of identify
 p - 4 scrolls of teleportation
 y - 2 scrolls of recharging
 M - a scroll of fog {unknown}
 O - 3 scrolls of enchant armour
 Q - a scroll of magic mapping
 S - 2 scrolls of enchant weapon
 X - 7 scrolls of remove curse
Potions
 e - a potion of might
 h - 4 potions of curing
 k - a potion of mutation {unknown}
 m - 2 potions of berserk rage
 q - a potion of brilliance
 B - 2 potions of restore abilities
Books
 t - a book of Debilitation

   Spells                             Type                      Level
   a - Corona                         Hexes                        1
   b - Slow                           Hexes                        2
   c - Inner Flame                    Hexes/Fire                   3
   d - Enslavement                    Hexes                        4
   e - Cause Fear                     Hexes                        4
   f - Leda's Liquefaction            Hexes/Earth                  4
 A - a book of Maledictions

   Spells                             Type                      Level
   a - Corona                         Hexes                        1
   b - Sure Blade                     Hexes/Charms                 2
   c - Ensorcelled Hibernation        Hexes/Ice                    2
   d - Confuse                        Hexes                        3
   e - Dazzling Spray                 Conjuration/Hexes            3
   f - Enslavement                    Hexes                        4
 P - a Young Poisoner's Handbook

   Spells                             Type                      Level
   a - Sting                          Conjuration/Poison           1
   b - Cure Poison                    Poison                       2
   c - Mephitic Cloud                 Conjuration/Poison/Air       3
   d - Olgreb's Toxic Radiance        Poison                       4
   e - Venom Bolt                     Conjuration/Poison           5
Miscellaneous
 d - an ornate deck of war
 r - a legendary deck of destruction {drawn: 1}
 u - an ornate deck of escape {drawn: 5}
 E - an ornate deck of war {drawn: 2}
 F - a legendary deck of destruction
 G - a phial of floods
 I - an ornate deck of destruction
Comestibles
 b - 7 bread rations
 i - 9 beef jerkies
 l - 6 meat rations
 o - 36 fruits
 V - a slice of pizza


   Skills:
 + Level 9.6 Fighting
 * Level 12.4 Short Blades
 - Level 1.7 Throwing
 + Level 9.0 Dodging
 - Level 4.1 Stealth
 - Level 4.0 Unarmed Combat
 + Level 7.6 Spellcasting
 + Level 7.7 Hexes
 - Level 5.0 Ice Magic
 - Level 6.0 Evocations


You had 21 spell levels left.
You knew the following spells:

 Your Spells              Type           Power        Failure   Level  Hunger
a - Ensorcelled Hibernat  Hex/Ice        ###...       1%          2    ##.....
b - Confuse               Hex            ###.....     1%          3    ###....
c - Sure Blade            Hex/Chrm       ##........   3%          2    ##.....


Dungeon Overview and Level Annotations

Branches:
Dungeon (10/15)            Temple (1/1) D:7            Lair (7/8) D:8
 Shoals (0/5) Lair:4       Spider (0/5) Lair:3        Slime (0/6) Lair:7
    Orc (0/4) D:9

Altars:
Ashenzari
Cheibriados
Dithmenos
Elyvilon
Fedhas
Gozag
Kikubaaqudgha
Makhleb
Nemelex Xobeh
Okawaru
Qazlal
Ru
Sif Muna
Trog
Vehumet
Xom
Yredelemnul
Zin
The Shining One
Jiyva

Shops:
D:8 ?:   D:10 %

Annotations:
D:3 gyromatic4's ghost, average HuBe
D:8 Gastronok
Lair:3 Erica


Innate Abilities, Weirdness & Mutations

You have razor-sharp teeth.
You regenerate.
When hurt, damage is shared between your health and your magic reserves.
Your bite disrupts and absorbs the magic of your enemies.
Potions and wands cannot restore your health.
You are immune to rotting.
You are partially covered in rough black scales (AC +4, Dex -1).
You possess an exceptional clarity of mind.
Your flesh is cold resistant.


Message History

B - Swap
C - the Shaft You feel somewhat more hungry.
You found a teleport trap!
The polar bear bites you!
* * * LOW HITPOINT WARNING * * *
The polar bear claws you but does no damage.
The polar bear misses you. The death yak misses you.
Nemelex Xobeh grants you a gift! Something appears at your feet!
The teleport trap disappears.
The death yak disappears!
The polar bear completely misses you.
The polar bear claws you but does no damage.
The polar bear misses you.
You see here a legendary deck of destruction.
The polar bear rages.
The polar bear completely misses you.
The polar bear claws you but does no damage. x2
Found a short sword and a glowing hunting sling.
The polar bear bites you!
You die...
Your body glows with a rainbow of weird colours and disappears.

#....#...# #..#.###.<##
########...## .
#.#..B###### ##..
##....}##.P##...).
##........PP.....
#...............
##...YYh.........
#......@......).
#...............
##..............
##..P............. .
#PP.#...............
##............!......
##.#................#..
##............>.......#
###.....................##


You could see 2 death yaks, a boulder beetle and a polar bear (berserk).

Vanquished Creatures
  Maud (Lair:3)
  3 hydras
  8 death yaks
  Nergalle (Lair:6)
  Pikel (D:6)
  2 griffons
  A manticore (Lair:4)
  An elephant (D:8)
  4 black mambas
  10 spiny frogs
  6 komodo dragons
  A jumping spider (Lair:3)
  A troll (D:7)
  A polar bear (Lair:2)
  A two-headed ogre (D:9)
  Prince Ribbit (D:5)
  A boulder beetle (Lair:5)
  20 blink frogs
  A basilisk (Lair:3)
  40 yaks
  7 hippogriffs
  2 wolves (Lair:7)
  A hungry ghost (D:9)
  9 porcupines
  2 ice beasts
  3 slaves (D:6)
  2 orc warriors (D:9)
  3 black bears
  A soldier ant (D:10)
  4 necrophages (Lair:4)
  10 water moccasins
  A sky beast (D:10)
  5 ogres
  A wasp (D:9)
  2 phantoms
  10 crocodiles
  5 centaurs
  Blork the orc (D:8)
  A wyvern skeleton (D:9)
  17 giant frogs
  4 killer bees (D:7)
  4 scorpions
  A vampire bat (D:5)
  3 giant frog zombies
  6 hounds
  9 orc priests
  3 goliath beetles
  2 quasits
  6 crimson imps
  3 jellies
  A giant frog skeleton (D:9)
  5 worker ants
  10 iguanas
  19 orc wizards
  6 hell rats (Lair:6)
  3 polar bear simulacra (Lair:2)
  A killer bee zombie (D:5)
  4 yak simulacra (Lair:2)
  6 sheep
  2 wolf simulacra (Lair:2)
  A mummy (D:8)
  2 worker ant zombies (D:9)
  34 river rats
  19 adders
  13 gnolls
  2 giant mites
  3 shadow imps
  A worm (D:2)
  3 fire bats (D:5)
  7 giant geckos
  52 orcs
  2 spectral bats (D:5)
  4 bat skeletons
  2 bat zombies
  8 giant cockroaches
  17 goblins
  15 hobgoblins
  11 jackals
  9 quokkas
  A ball python (D:1)
  A ball python zombie (D:5)
  22 bats
  A bat simulacrum (D:5)
  2 giant newts
  A jackal skeleton (D:5)
  A jackal zombie (D:5)
  13 kobolds
  16 rats
  2 river rat simulacra (Lair:2)
  2 ballistomycetes (D:8)
  3 fungi
560 creatures vanquished.

Vanquished Creatures (collateral kills)
  A minotaur (Lair:4)
  A deep elf mage (D:9)
  3 yaks (D:9)
  An iguana (D:9)
6 creatures vanquished.

Vanquished Creatures (others)
  An air elemental (D:9)
  2 giant spores (D:8)
  A spectral orc (Lair:6)
  18 fungi
  7 plants
29 creatures vanquished.

Grand Total: 595 creatures vanquished

Notes
Turn   | Place    | Note
--------------------------------------------------------------
     0 | D:1      | uhvn, the Vine Stalker Monk, began the quest for the Orb.
     0 | D:1      | Reached XP level 1. HP: 11/11 MP: 1/1
   119 | D:1      | Reached XP level 2. HP: 16/16 MP: 3/3
   514 | D:1      | Reached skill level 1 in Short Blades
   545 | D:1      | Reached XP level 3. HP: 19/19 MP: 4/4
   718 | D:2      | Found a snail-covered altar of Cheibriados.
   882 | D:2      | Found a deep blue altar of Sif Muna.
  1083 | D:2      | Reached XP level 4. HP: 21/24 MP: 5/5
  1324 | D:3      | Noticed gyromatic4's ghost (average HuBe)
  1582 | D:4      | Found a sparkling altar of Nemelex Xobeh.
  1615 | D:4      | Became a worshipper of Nemelex Xobeh the Trickster
  1615 | D:4      | Received a gift from Nemelex Xobeh
  1615 | D:4      | Received a gift from Nemelex Xobeh
  1628 | D:4      | Noticed an ogre
  1685 | D:4      | Reached XP level 5. HP: 25/28 MP: 5/7
  1913 | D:4      | Killed an ogre
  2054 | D:4      | Gained mutation: You heal very quickly. [vine stalker growth]
  2054 | D:4      | Reached XP level 6. HP: 27/32 MP: 6/8
  2327 | D:3      | Reached skill level 1 in Throwing
  2456 | D:4      | Received a gift from Nemelex Xobeh
  3415 | D:5      | Entered Level 5 of the Dungeon
  3624 | D:5      | Found a shimmering altar of Xom.
  3653 | D:5      | Noticed Prince Ribbit
  3667 | D:5      | Reached XP level 7. HP: 22/37 MP: 9/9
  3786 | D:5      | Killed Prince Ribbit
  3786 | D:5      | Reached skill level 1 in Spellcasting
  3901 | D:5      | Gained mutation: You have razor-sharp teeth. [vine stalker growth]
  3901 | D:5      | Reached XP level 8. HP: 42/42 MP: 17/17
  4068 | D:5      | Found a shadowy altar of Dithmenos.
  4409 | D:6      | Learned a level 2 spell: Ensorcelled Hibernation
  4453 | D:6      | Reached skill level 5 in Fighting
  4457 | D:6      | Reached skill level 5 in Short Blades
  4634 | D:6      | Reached skill level 1 in Ice Magic
  4695 | D:6      | Reached skill level 1 in Hexes
  4714 | D:6      | Received a gift from Nemelex Xobeh
  4783 | D:6      | Acquired Nemelex Xobeh's first power
  4794 | D:6      | Reached XP level 9. HP: 45/47 MP: 21/21
  5055 | D:6      | Received a gift from Nemelex Xobeh
  5116 | D:6      | Noticed Pikel
  5230 | D:6      | Killed Pikel
  5230 | D:6      | Reached skill level 6 in Short Blades
  5230 | D:6      | Reached skill level 5 in Spellcasting
  5575 | D:7      | Reached skill level 5 in Dodging
  5644 | D:7      | Found a white marble altar of Elyvilon.
  5645 | D:7      | Found an opulent altar of Gozag.
  5647 | D:7      | Found a glowing golden altar of the Shining One.
  5858 | D:7      | Found a burning altar of Makhleb.
  5953 | D:7      | Received a gift from Nemelex Xobeh
  6161 | D:7      | Reached XP level 10. HP: 50/53 MP: 25/25
  6174 | D:7      | Found a staircase to the Ecumenical Temple.
  6191 | Temple   | Entered the Ecumenical Temple
  6191 | Temple   | Acquired Nemelex Xobeh's second power
  6579 | D:8      | Found Voahyvyon's Magic Scroll Boutique.
  6601 | D:8      | Bought a scroll of teleportation for 36 gold pieces
  6601 | D:8      | Bought a scroll of enchant armour for 90 gold pieces
  6601 | D:8      | Bought a scroll of enchant weapon for 90 gold pieces
  6623 | D:8      | Received a gift from Nemelex Xobeh
  6638 | D:8      | Noticed an elephant
  6639 | D:8      | Found a staircase to the Lair.
  6685 | D:8      | Killed an elephant
  6685 | D:8      | Reached skill level 1 in Evocations
  6726 | D:8      | Noticed Gastronok
  6745 | D:8      | Noticed Blork the orc
  6868 | D:8      | Reached skill level 7 in Short Blades
  7086 | D:8      | Found an iron altar of Okawaru.
  7170 | D:8      | Found Gini's Book Shop.
  7181 | D:8      | Killed Blork the orc
  7825 | D:9      | Reached skill level 8 in Short Blades
  8082 | D:9      | Found a staircase to the Orcish Mines.
  8374 | D:9      | Reached XP level 11. HP: 41/58 MP: 26/26
  8685 | D:9      | Found a sacrificial altar of Ru.
  8698 | D:9      | Received a gift from Nemelex Xobeh
  9102 | D:10     | Entered Level 10 of the Dungeon
  9202 | D:10     | Found Schaiwopn's Food Emporium.
  9225 | D:10     | Gained mutation: Your flesh is cold resistant. [mutagenic meat]
  9303 | D:10     | Reached skill level 9 in Short Blades
  9755 | D:10     | Found a white marble altar of Elyvilon.
  9823 | D:10     | Received a gift from Nemelex Xobeh
 10018 | Lair:1   | Entered Level 1 of the Lair of Beasts
 10134 | Lair:1   | Gained mutation: You are partially covered in rough black scales (AC +4, Dex -1). [potion of beneficial mutation]
 10147 | Lair:1   | Acquired Nemelex Xobeh's third power
 10391 | Lair:1   | Received a gift from Nemelex Xobeh
 10448 | Lair:1   | Noticed a four-headed hydra
 10464 | Lair:1   | Killed a four-headed hydra
 10518 | Lair:1   | Reached skill level 5 in Hexes
 10518 | Lair:1   | Reached skill level 5 in Evocations
 10543 | Lair:1   | Got a heavily runed cloak
 10549 | Lair:1   | Identified the +0 cloak of Sloth {+Fly rCorr} (You found it on level 1 of the Lair of Beasts)
 10926 | Lair:2   | Noticed a necromancer
 11213 | Lair:2   | Gained mutation: You regenerate. [vine stalker growth]
 11213 | Lair:2   | Reached XP level 12. HP: 64/64 MP: 24/27
 11271 | Lair:2   | Reached skill level 10 in Short Blades
 11448 | Lair:2   | Received a gift from Nemelex Xobeh
 11776 | Lair:2   | Received a gift from Nemelex Xobeh
 12857 | Lair:3   | Got a sparkling tin amulet
 12858 | Lair:3   | Identified the amulet of the Leaf {rElec rC+ rN+ Regen+ Slay-4} (You found it on level 3 of the Lair of Beasts)
 12927 | Lair:3   | Noticed Erica
 13003 | Lair:3   | Noticed an eight-headed hydra
 13148 | Lair:3   | Received a gift from Nemelex Xobeh
 13347 | Lair:3   | Found a hole to the Spider Nest.
 13681 | Lair:3   | Killed an eight-headed hydra
 13725 | Lair:3   | Noticed Maud
 13775 | Lair:3   | Killed Maud
 13775 | Lair:3   | Reached skill level 11 in Short Blades
 14141 | Lair:4   | Got a tattered robe
 14152 | Lair:4   | Identified the +0 robe of Kikubaaqudgha {Contam Str+2 Stlth+} (You found it on level 4 of the Lair of Beasts)
 14436 | Lair:4   | Reached XP level 13. HP: 66/69 MP: 28/28
 14487 | Lair:4   | Received a gift from Nemelex Xobeh
 14624 | Lair:4   | Found a staircase to the Shoals.
 14714 | Lair:4   | Learned a level 3 spell: Confuse
 14717 | Lair:4   | Learned a level 2 spell: Sure Blade
 14741 | Lair:4   | Received a gift from Nemelex Xobeh
 15216 | Lair:4   | Reached skill level 5 in Ice Magic
 15399 | Lair:4   | Noticed a minotaur
 15399 | Lair:4   | a six-headed hydra changed into a minotaur
 15401 | Lair:4   | Killed a minotaur
 16160 | Lair:5   | Received a gift from Nemelex Xobeh
 16754 | Lair:6   | Received a gift from Nemelex Xobeh
 17029 | Lair:6   | Noticed Nergalle
 17127 | Lair:6   | Killed Nergalle
 17228 | Lair:6   | Gained mutation: You possess an exceptional clarity of mind. [potion of beneficial mutation]
 17463 | Lair:6   | Received a gift from Nemelex Xobeh
 17558 | Lair:6   | Identified Bluppewk's Volume of Viperous Confrontation (You found it on level 6 of the Lair of Beasts)
 17615 | Lair:6   | Reached skill level 12 in Short Blades
 18293 | Lair:7   | Reached XP level 14. HP: 72/75 MP: 30/30
 18477 | Lair:7   | Found a staircase to the Slime Pits.
 18477 | Lair:7   | Found a viscous altar of Jiyva.
 18578 | Lair:7   | Received a gift from Nemelex Xobeh
 18582 | Lair:7   | Slain by a polar bear

Action                   |  1- 3 |  4- 6 |  7- 9 | 10-12 | 13-15 || total
-------------------------+-------+-------+-------+-------+-------++-------
Melee: Unarmed           |    13 |       |       |       |       ||    13
       Dagger            |    85 |    90 |   566 |  1744 |   652 ||  3137
       Blowgun           |       |    14 |       |       |       ||    14
       Short sword       |       |       |       |       |   240 ||   240
 Fire: Blowgun           |       |    93 |       |       |       ||    93
 Cast: Ensorcelled Hiber |       |       |       |    13 |    30 ||    43
       Sure Blade        |       |       |       |       |    29 ||    29
       Confuse           |       |       |       |       |     1 ||     1
Invok: Triple Draw       |       |       |       |       |     1 ||     1
 Abil: Evoke Flight      |       |       |       |     4 |       ||     4
Evoke: Deck              |       |     1 |       |    11 |     7 ||    19
       Wand              |       |       |       |     4 |       ||     4
  Use: Scroll            |       |     4 |     1 |    11 |     2 ||    18
       Potion            |       |       |       |    12 |     1 ||    13
 Stab: Sleeping          |     7 |     7 |    11 |    22 |    10 ||    57
       Distracted        |       |     1 |       |     1 |     1 ||     3
       Paralysed         |       |       |       |     1 |       ||     1
       Invisible         |       |       |       |       |     2 ||     2
  Eat: Chunk             |       |     8 |     9 |    30 |    16 ||    63
       Fruit             |       |       |       |     1 |       ||     1
